 Dungeon Crawl Stone Soup version 0.24.0-1-gfbc8707122 (webtiles) character file.

Game seed: 1901912024193546096, levelgen mode: deterministic

1937 Mrkan the Cleaver (level 8, -2/75 HPs)
             Began as a Deep Dwarf Fighter on Oct 25, 2019.
             Was a Believer of Elyvilon.
             Killed from afar by an electric eel (6 damage)
             ... with a bolt of electricity
             ... on level 7 of the Dungeon.
             The game lasted 00:12:41 (5182 turns).

Mrkan the Cleaver (Deep Dwarf Fighter)              Turns: 5182, Time: 00:12:42

Health: -2/75      AC:  9    Str: 22    XL:     8   Next: 97%
Magic:  8/8        EV:  8    Int:  8    God:    Elyvilon [**....]
Gold:   260        SH: 11    Dex: 13    Spells: 7/7 levels left

rFire    . . .     SeeInvis .   a - +0 war axe
rCold    . . .     Gourm    .   c - +0 shield
rNeg     . . .     Faith    .   b - +0 scale mail
rPois    .         Spirit   .   q - +0 helmet
rElec    .         Reflect  .   o - +0 cloak
rCorr    .         Harm     .   (no gloves)
MR       +....                  (no boots)
Stlth    ..........             (no amulet)
HPRegen  0.00/turn              (no ring)
MPRegen  0.11/turn              (no ring)

@: non-regenerating
A: damage resistance, heal wounds, sense surroundings 1, no regeneration
a: Heal Wounds, Lesser Healing, Heal Other, Divine Protection, Renounce Religion


You were on level 7 of the Dungeon.
You worshipped Elyvilon.
Elyvilon was pleased with you.
You were not hungry.

You visited 2 branches of the dungeon, and saw 8 of its levels.

You collected 350 gold pieces.
You spent 90 gold pieces at shops.

Inventory:

Hand Weapons
 a - a +0 war axe (weapon)
Missiles
 g - 10 boomerangs (quivered)
Armour
 b - a +0 scale mail (worn)
 c - a +0 shield (worn)
 o - a +0 cloak (worn)
 q - a +0 helmet (worn)
Magical Staves
 A - an uncursed staff of death {unknown}
Jewellery
 i - an uncursed amulet of regeneration {unknown}
 p - a cursed amulet of inaccuracy {unknown}
 v - an uncursed ring of fire {unknown}
 w - an uncursed ring of see invisible {unknown}
 B - an uncursed ring of see invisible {unknown}
Wands
 s - a wand of digging (4)
 y - a wand of enslavement (7)
Scrolls
 d - a scroll of fear {unknown}
 h - 10 scrolls of identify {unknown}
 j - 2 scrolls of immolation {unknown}
 l - 2 scrolls of blinking {unknown}
 m - 2 scrolls of remove curse {unknown}
 r - 5 scrolls of teleportation {unknown}
 u - a scroll of fog {unknown}
 C - a scroll of enchant weapon {unknown}
Potions
 e - 2 potions of haste {unknown}
 k - 4 potions of lignification
 n - 2 potions of flight {unknown}
 t - a potion of degeneration {unknown}
 x - a potion of curing
Comestibles
 f - 9 rations
 z - 2 chunks of flesh


   Skills:
 + Level 5.6 Fighting
 * Level 8.8 Axes
 - Level 3.2 Armour
 + Level 6.8 Shields
 + Level 5.1 Invocations


You had 7 spell levels left.
You didn't know any spells.
Your spell library contained the following spells:

 Spells                   Type           Power        Failure   Level  Hunger
 Animate Skeleton         Necr           N/A          97%         1    ##.....
 Apportation              Tloc           #.....       97%         1    ##.....
 Beastly Appendage        Tmut           #.....       97%         1    ##.....
 Confusing Touch          Hex            #.....       97%         1    ##.....
 Flame Tongue             Conj/Fire      #....        97%         1    ##.....
 Summon Small Mammal      Summ           #...         97%         1    ##.....
 Sticks to Snakes         Tmut           #.......     99%         2    ###....
 Throw Flame              Conj/Fire      #.....       99%         2    ###....
 Confuse                  Hex            #.......     100%        3    ####...
 Conjure Flame            Conj/Fire      #.......     100%        3    ####...
 Gell's Gravitas          Tloc           #.........   100%        3    ####...
 Inner Flame              Hex/Fire       #.......     100%        3    ####...
 Spider Form              Tmut/Pois      #.........   100%        3    ####...
 Ice Form                 Ice/Tmut       #.......     100%        4    #####..
 Petrify                  Tmut/Erth      #.......     100%        4    #####..
 Sticky Flame             Conj/Fire      #.......     100%        4    #####..
 Blade Hands              Tmut           #.........   100%        5    ######.
 Fireball                 Conj/Fire      #.........   100%        5    ######.
 Metabolic Englaciation   Hex/Ice        #.........   100%        5    ######.
 Yara's Violent Unravell  Hex/Tmut       #.........   100%        5    ######.


Dungeon Overview and Level Annotations

Branches:
Dungeon (7/15)             Temple (1/1) D:4

Altars:
Cheibriados
Elyvilon
Fedhas
Hepliaklqana
Kikubaaqudgha
Makhleb
Nemelex Xobeh
Okawaru
Qazlal
Sif Muna
Trog
Uskayaw
Vehumet
Zin
The Shining One

Shops:
D:4 !


Innate Abilities, Weirdness & Mutations

You are resistant to damage.
You can heal yourself by infusing magical energy.
You passively map a small area around you.
You do not regenerate.


Message History

The electric eel shoots out a bolt of lightning at you!
The bolt of electricity hits you!
* * * LOW HITPOINT WARNING * * *
The electric eel shoots out a bolt of lightning at you!
The bolt of electricity hits you!
* * * LOW HITPOINT WARNING * * *
The electric eel shoots out a bolt of lightning at you!
The bolt of electricity hits you!
* * * LOW HITPOINT WARNING * * *
The electric eel shoots out a bolt of lightning at you!
The bolt of electricity hits you.
* * * LOW HITPOINT WARNING * * *
The electric eel shoots out a bolt of lightning at you!
The bolt of electricity hits the electric eel.
The electric eel completely resists.
The bolt of electricity hits you! Elyvilon protects you from harm!
The electric eel shoots out a bolt of lightning at you!
The bolt of electricity misses the electric eel.
The bolt of electricity hits you!
You die...

* ≈≈≈≈≈≈≈..≈≈≈≈≈≈≈* ,
*#≈≈≈≈≈≈..≈≈;≈≈≈# ,, *
*#≈≈≈≈≈..≈≈≈≈≈# ,
#≈≈≈;..≈≈≈≈# #≈≈;..;≈≈#*
##''# * * #..)# #.#.# *
**,#@#.# * * ,#.#.# ,
,#.#)# ##### , * **#.#.#
#...# #.#.# #...# , #.#.#
#...' * ,
..#.##########...#
########*#.#.##.......#...#
, .#......(.#
#..'.......'...#


You could see 2 electric eels.

Vanquished Creatures
  Eustachio (D:5)
  Menkaure (D:4)
  An ice beast (D:6)
  2 phantoms
  2 ogres
  4 centaurs
  A big kobold (D:6)
  A bullfrog (D:6)
  A scorpion (D:6)
  A howler monkey (D:6)
  2 crimson imps
  A hound (D:5)
  A centaur skeleton (D:4)
  Crazy Yiuf (D:2)
  2 iguanas (D:6)
  Jessica (D:3)
  Ijyb (D:3)
  3 orc wizards
  2 worker ants
  A hound skeleton (D:5)
  A howler monkey zombie (D:5)
  Robin (D:3)
  10 adders
  4 gnolls (D:3)
  A howler monkey skeleton (D:5)
  A shadow imp (D:6)
  An ooze (D:3)
  3 worms
  2 dart slugs (D:2)
  6 leopard geckos
  13 orcs
  4 giant cockroaches
  7 hobgoblins
  4 jackals (D:6)
  6 quokkas
  A ball python (D:2)
  6 bats
  5 frilled lizards
  11 goblins
  A jackal zombie (D:5)
  10 kobolds
  A quokka zombie (D:5)
  9 rats
138 creatures vanquished.

Vanquished Creatures (others)
  An orc wizard (D:5)
  An orc (D:7)
2 creatures vanquished.

Grand Total: 140 creatures vanquished

Notes
Turn   | Place    | Note
-------+----------+-------------------------------------------
     0 | D:1      | Mrkan the Deep Dwarf Fighter began the quest for the Orb.
     0 | D:1      | Reached XP level 1. HP: 20/20 MP: 1/1
   114 | D:1      | Found a snail-covered altar of Cheibriados.
   433 | D:2      | Reached XP level 2. HP: 17/27 MP: 2/2
   577 | D:2      | Reached skill level 3 in Axes
   712 | D:2      | Reached XP level 3. HP: 32/34 MP: 3/3
  1058 | D:2      | Found a runed translucent door.
  1059 | D:2      | Noticed Crazy Yiuf
  1065 | D:2      | Killed Crazy Yiuf
  1065 | D:2      | Reached skill level 4 in Axes
  1065 | D:2      | Reached XP level 4. HP: 25/42 MP: 4/4
  1604 | D:3      | Noticed Robin
  1616 | D:3      | Killed Robin
  1616 | D:3      | Reached XP level 5. HP: 37/49 MP: 5/5
  1784 | D:3      | Noticed Jessica
  1788 | D:3      | Killed Jessica
  1982 | D:3      | Reached skill level 5 in Axes
  2008 | D:3      | Noticed Ijyb
  2025 | D:3      | Killed Ijyb
  2025 | D:3      | Reached XP level 6. HP: 32/57 MP: 6/6
  2157 | D:4      | Noticed Menkaure
  2168 | D:4      | Killed Menkaure
  2200 | D:4      | Reached skill level 6 in Axes
  2200 | D:4      | Reached skill level 5 in Shields
  2266 | D:4      | Identified the +2 ring mail of Heresy {-Cast rElec rCorr
                  | MP+9}
  2604 | D:4      | Found a staircase to the Ecumenical Temple.
  2613 | Temple   | Entered the Ecumenical Temple
  2765 | Temple   | Became a worshipper of Elyvilon the Healer
  2862 | D:4      | Reached XP level 7. HP: 43/64 MP: 6/6
  3184 | D:4      | Found Woxkiw's Distillery.
  3247 | D:4      | Bought a potion of curing for 30 gold pieces
  3247 | D:4      | Bought a potion of lignification for 30 gold pieces
  3247 | D:4      | Bought a potion of lignification for 30 gold pieces
  3483 | D:5      | Entered Level 5 of the Dungeon
  3556 | D:5      | Reached * piety under Elyvilon
  3602 | D:5      | Reached skill level 1 in Invocations
  3617 | D:5      | Noticed Eustachio
  3629 | D:5      | Killed Eustachio
  3713 | D:5      | Reached skill level 7 in Axes
  3762 | D:5      | Reached XP level 8. HP: 30/73 MP: 8/8
  3773 | D:5      | Reached skill level 5 in Fighting
  3869 | D:5      | Found a bloodstained altar of Trog.
  3896 | D:5      | Found a radiant altar of Vehumet.
  4105 | D:5      | Reached ** piety under Elyvilon
  4328 | D:6      | Reached skill level 8 in Axes
  4650 | D:6      | Found an iron altar of Okawaru.
  4810 | D:6      | Reached skill level 5 in Invocations
  5165 | D:7      | Elyvilon protects you from harm!
  5181 | D:7      | Elyvilon protects you from harm!
  5182 | D:7      | Killed from afar by an electric eel

Levels and vault maps discovered:
D:1:      dpeg_arrival_court, layout_rooms, st_stairs_13, cheibriados_altar_1
D:2:      layout_basic, uniq_crazy_yiuf_cottage
D:3:      layout_loops_ring, uniq_robin, uniq_jessica, uniq_ijyb
D:4:      layout_layer_cave, minmay_temple_entry_mist, serial_shops,
          nicolae_shop_window_shopping, uniq_menkaure
D:5:      layout_gridville, old_standard_altar, kennysheep_little_box,
          first_ration, uniq_eustachio
D:6:      layout_basic, kennysheep_mini, kennysheep_generic_room_5
D:7:      kennysheep_big_flooded_room, layout_basic,
          nicolae_overflow_crystal_walls, lemuel_round_altar, marbit_many_paths,
          serial_bayou_pond_a
Temple:   minmay_temple_curvy_branch

Skill      XL: |  1  2  3  4  5  6  7  8 |
---------------+-------------------------+-----
Axes           | 3 4 5 6 7 8 |  8.8
Fighting       | 3 4 5 |  5.6
Shields        | 4 5 6 |  6.8
Invocations    | 3 5 |  5.1
Armour         | |  3.2

Action                   |  1- 3 |  4- 6 |  7- 9 || total
-------------------------+-------+-------+-------++-------
Melee: War axe           |   126 |   147 |   223 ||   496
Invok: Lesser Healing    |       |       |     1 ||     1
 Abil: Heal Wounds       |     1 |     3 |    10 ||    14
  Use: Potion            |       |     1 |     1 ||     2
  Eat: Chunk             |     1 |     5 |     7 ||    13
       Ration            |       |       |     1 ||     1
Armor: Scale mail        |    71 |    42 |   100 ||   213
Dodge: Dodged            |    49 |    46 |    65 ||   160
Block: Shield            |    83 |    66 |   150 ||   299
